Map: Odyssey LE

Players

SamuraiFunn

  • Race: Protoss Protoss
  • Spawn Location: 11:00

A.I. 1 (Very Hard) - Winner!

  • Race: Terran Terran
  • Spawn Location: 5:00

VOD

Have the link to the VOD?

Description

Time

  • Played on: Oct. 28, 2017, 9:22 p.m.
  • Length: 17:27
Show
View Real Time Build Order
Export as new Build Order

SamuraiFunn Protoss 

Build Orders:  

Get SALT Encoding   

  12  0:02  Probe (Chrono Boost)  
  13  0:12  Probe (Chrono Boost)  
  14  0:18  Pylon  
  14  0:25  Probe (Chrono Boost)  
  15  0:36  Probe (Chrono Boost)  
  15  0:42  Gateway  
  16  0:47  Probe (Chrono Boost)  
  17  0:56  Gateway  
  17  0:57  Probe (Chrono Boost)  
  17  1:04  Assimilator  
  18  1:08  Probe (Chrono Boost)  
  19  1:29  Pylon  
  19  1:33  Zealot  
  19  1:39  Probe (Chrono Boost)  
  22  1:47  Zealot  
  22  1:50  Probe (Chrono Boost)  
  22  1:53  Assimilator  
  25  2:00  Probe (Chrono Boost)  
  26  2:10  Nexus  
  27  2:15  Probe (Chrono Boost)  
  27  2:18  Zealot  
  29  2:24  Zealot  
  31  2:35  Pylon  
  31  2:53  Probe (Chrono Boost)  
  31  2:54  Zealot  
  31  2:56  Zealot  
  36  3:03  Probe (Chrono Boost)  
  37  3:14  Probe (Chrono Boost)  
  37  3:16  Pylon  
  38  3:24  Probe (Chrono Boost)  
  39  3:37  Gateway  
  39  3:38  Probe (Chrono Boost)  
  40  3:49  Probe (Chrono Boost)  
  40  3:50  Cybernetics Core  
  40  3:53  Forge  
  39  4:00  Probe (Chrono Boost)  
  40  4:05  Zealot  
  40  4:07  Zealot  
  44  4:11  Probe (Chrono Boost)  
  44  4:13  Gateway  
  45  4:21  Probe (Chrono Boost)  
  45  4:32  Probe (Chrono Boost), Zealot  
  45  4:34  Zealot  
  45  4:37  Zealot  
  52  4:45  Pylon  
  52  4:46  Protoss Ground Weapons Level 1  
  52  4:59  Stalker  
  54  5:02  Stalker, Twilight Council  
  54  5:03  Stalker  
  58  5:08  Probe (Chrono Boost)  
  58  5:12  Probe (Chrono Boost)  
  60  5:16  Assimilator  
  60  5:18  Probe (Chrono Boost)  
  60  5:20  Assimilator  
  61  5:23  Probe (Chrono Boost)  
  61  5:27  Stalker  
  64  5:29  Probe (Chrono Boost)  
  65  5:37  Pylon  
  65  5:39  Probe (Chrono Boost)  
  66  5:44  Robotics Facility  
  67  5:50  Probe (Chrono Boost)  
  67  5:56  Charge  
  67  6:00  Stalker  
  67  6:01  Stalker x2  
  67  6:02  Stalker  
  75  6:09  Robotics Facility  
  75  6:12  Robotics Facility  
  75  6:19  Pylon  
  75  6:23  Probe (Chrono Boost)  
  76  6:30  Stalker  
  78  6:37  Probe (Chrono Boost)  
  79  6:43  Nexus  
  79  6:48  Probe (Chrono Boost)  
  79  6:49  Pylon  
  80  7:04  Stalker x3  
  80  7:06  Pylon  
  80  7:07  Stalker  
  88  7:16  Immortal  
  92  7:24  Immortal  
  96  7:43  Stalker  
  96  7:44  Stalker x2  
  102  7:55  Stalker  
  104  7:59  Pylon  
  104  8:05  Pylon  
  104  8:10  Pylon  
  104  8:18  Pylon  
  104  8:24  Pylon  
  65  9:07  Stalker x2  
  65  9:08  Stalker x2  
  65  9:11  Immortal x3  
  77  9:27  Probe (Chrono Boost)  
  78  9:32  Probe (Chrono Boost)  
  78  9:38  Probe (Chrono Boost)  
  78  9:43  Probe (Chrono Boost)  
  67  9:48  Probe (Chrono Boost)  
  68  9:53  Probe (Chrono Boost)  
  68  9:59  Probe (Chrono Boost)  
  70  10:06  Pylon  
  70  10:09  Immortal x3  
  70  10:12  Stalker  
  70  10:13  Stalker x3  
  90  10:34  Robotics Bay  
  90  10:43  Zealot x3  
  90  10:44  Zealot  
  98  11:08  Nexus  
  98  11:10  Zealot x3  
  98  11:11  Zealot  
  106  11:21  Colossus  
  106  11:22  Colossus x2  
  126  11:40  Zealot x4  
  132  12:04  Pylon  
  132  12:26  Colossus  
  132  12:27  Colossus x2  
  132  12:29  Zealot x2  
  156  12:30  Zealot x2  
  158  12:40  Nexus  
  158  12:49  Probe (Chrono Boost)  
  159  12:56  Stalker x2  
  159  12:57  Stalker x2  
  167  12:59  Probe (Chrono Boost)  
  168  13:10  Probe (Chrono Boost)  
  157  13:20  Probe (Chrono Boost)  
  118  13:27  Stalker x3  
  118  13:28  Stalker  
  118  13:31  Probe (Chrono Boost)  
  118  13:33  Colossus x3  
  103  13:57  Stalker x3  
  103  13:58  Stalker  
  111  14:10  Robotics Facility  
  111  14:27  Protoss Ground Weapons Level 2  
  111  14:40  Forge  
  111  14:43  Extended Thermal Lance  
  111  14:53  Assimilator  
  111  14:57  Assimilator  
  65  15:22  Stalker x3  
  65  15:23  Stalker  
  58  15:52  Zealot  
  58  15:53  Zealot x3  
  59  16:07  Immortal x3  
  68  16:19  Zealot  
  68  16:20  Zealot x3  
  76  16:46  Immortal x2  
  76  16:47  Zealot x4  
Show
View Real Time Build Order
Export as new Build Order

A.I. 1 (Very Hard) Terran - Winner!

Build Orders: MMM Bio 

Get SALT Encoding   

  12  0:00  SCV  
  13  0:13  SCV  
  14  0:19  Supply Depot  
  14  0:25  SCV  
  15  0:40  SCV  
  16  0:44  Barracks  
  16  0:52  SCV  
  17  1:05  SCV  
  18  1:17  SCV  
  19  1:19  Supply Depot  
  19  1:23  Refinery  
  19  1:29  SCV  
  19  1:32  Marine  
  21  1:41  SCV  
  22  1:50  Marine  
  22  1:52  Barracks  
  22  1:53  SCV  
  24  1:57  Refinery  
  24  2:05  Supply Depot  
  24  2:06  Orbital Command  
  24  2:08  Marine  
  25  2:26  Marine  
  26  2:31  SCV  
  27  2:40  Command Center  
  27  2:41  Marine  
  27  2:44  SCV  
  29  3:04  Factory  
  29  3:12  Barracks Tech Lab  
  29  3:16  Barracks Tech Lab  
  29  3:24  SCV  
  30  3:30  Marine  
  30  3:34  Marine  
  31  3:37  Supply Depot  
  31  3:39  SCV  
  33  3:45  Stimpack  
  33  3:48  Marine  
  34  3:49  Starport  
  34  3:51  Marine  
  34  3:55  Orbital Command  
  34  4:06  Combat Shields, Marine  
  35  4:10  Supply Depot  
  35  4:12  Marine  
  36  4:17  SCV  
  36  4:23  Marine  
  38  4:24  Supply Depot  
  38  4:25  Medivac  
  40  4:32  Marauder  
  42  4:42  Marauder  
  44  4:53  Marauder  
  44  4:55  Medivac  
  48  5:03  Marine  
  49  5:08  Barracks  
  49  5:14  Marauder  
  49  5:15  Command Center  
  49  5:20  Marine  
  52  5:25  Medivac  
  54  5:36  Marauder  
  54  5:37  Factory Tech Lab  
  54  5:39  Marauder  
  58  5:54  Engineering Bay  
  58  5:57  Barracks Reactor, Marauder  
  58  5:58  Siege Tank  
  58  6:00  Marine  
  64  6:15  Engineering Bay  
  64  6:18  Marauder  
  66  6:19  Marauder  
  66  6:22  Terran Infantry Weapons Level 1  
  66  6:23  Barracks  
  68  6:25  Supply Depot  
  68  6:27  SCV  
  68  6:28  SCV x2  
  71  6:39  SCV, Marauder  
  74  6:40  SCV x2  
  76  6:51  SCV  
  76  6:52  SCV  
  76  6:53  SCV  
  79  7:01  Concussive Shells  
  79  7:02  Terran Infantry Armor Level 1, Siege Tank  
  79  7:04  SCV  
  79  7:05  SCV  
  79  7:07  Refinery  
  84  7:13  Refinery  
  84  7:19  Command Center  
  84  7:29  Orbital Command  
  84  7:31  SCV x2  
  84  7:34  Siege Tank  
  89  7:40  Supply Depot  
  89  7:43  SCV  
  90  7:46  SCV  
  91  7:52  Missile Turret  
  91  7:55  SCV  
  91  7:57  Missile Turret  
  91  7:58  Starport Reactor  
  92  8:00  Marine  
  92  8:02  Marine  
  94  8:06  Siege Tank  
  97  8:12  Supply Depot  
  97  8:18  Marauder  
  99  8:21  Marauder  
  101  8:29  Missile Turret  
  101  8:32  SCV x2  
  103  8:35  SCV  
  103  8:37  Widow Mine  
  103  8:38  SCV  
  107  8:44  SCV x2  
  107  8:47  SCV  
  110  8:50  SCV  
  110  8:53  Marauder  
  110  8:55  Marine  
  104  8:56  SCV, Marine  
  104  8:58  SCV  
  104  8:59  Marine  
  104  9:01  Marine  
  94  9:04  SCV  
  94  9:06  SCV, Siege Tank  
  94  9:08  SCV  
  87  9:10  SCV  
  87  9:13  Marine  
  87  9:14  Marine, Marauder  
  87  9:16  SCV  
  89  9:17  Marine  
  89  9:19  SCV, Marine  
  89  9:20  SCV  
  89  9:22  SCV  
  94  9:29  SCV  
  95  9:31  Marauder  
  95  9:32  Marine  
  95  9:35  Marine  
  95  9:36  Marine, Marauder  
  99  9:41  Siege Tank  
  99  9:48  Planetary Fortress  
  99  9:50  Marine  
  99  9:52  Missile Turret  
  100  9:53  Marauder  
  100  9:56  Marine  
  100  9:57  Marauder  
  100  9:58  Missile Turret  
  105  10:00  Marine  
  106  10:10  Armory  
  106  10:12  Widow Mine  
  108  10:14  Marauder  
  108  10:17  Supply Depot  
  108  10:18  Marauder  
  108  10:21  Missile Turret  
  112  10:29  Medivac  
  112  10:33  Factory  
  116  10:36  Marauder  
  116  10:38  Starport, Command Center  
  116  10:40  Marauder  
  116  10:41  Widow Mine  
  120  10:44  Missile Turret  
  120  10:46  Supply Depot  
  120  10:48  Hi-Sec Auto Tracking  
  120  10:57  Armory  
  120  10:59  Terran Infantry Weapons Level 2  
  120  11:01  Refinery  
  119  11:04  Refinery  
  119  11:10  Widow Mine  
  121  11:11  Marine  
  121  11:13  Marine  
  121  11:14  Marine x2  
  121  11:15  Marine  
  121  11:17  Medivac  
  128  11:18  Supply Depot, Factory Tech Lab, Starport Tech Lab  
  128  11:29  Marine, Barracks  
  128  11:31  Marine x2  
  131  11:33  Barracks Tech Lab  
  131  11:36  Marine  
  131  11:37  Raven, Cyclone  
  131  11:39  High Capacity Fuel Tanks, Siege Tank  
  140  11:44  Supply Depot  
  140  11:45  Building Armor  
  140  11:50  SCV  
  140  11:51  SCV x4  
  140  11:52  Factory  
  145  11:57  Infernal Pre-Igniter  
  145  12:00  Refinery  
  145  12:02  SCV, Refinery  
  145  12:03  SCV x3  
  145  12:06  Planetary Fortress  
  149  12:09  Siege Tank  
  149  12:10  Missile Turret  
  149  12:11  Hellion  
  149  12:13  Missile Turret  
  154  12:17  Supply Depot  
  154  12:18  SCV  
  154  12:32  Siege Tank  
  154  12:33  Command Center  
  154  12:35  Cyclone  
  160  12:40  Terran Vehicle Weapons Level 1  
  160  12:41  Hellion  
  160  12:43  Raven  
  164  12:45  Supply Depot  
  164  12:55  Missile Turret  
  164  12:57  Missile Turret  
  166  12:58  Marauder  
  166  13:00  Missile Turret  
  166  13:03  SCV, Hellion  
  166  13:04  Siege Tank  
  171  13:08  Factory, Hellion  
  171  13:09  Supply Depot  
  171  13:11  Marauder x2  
  177  13:18  SCV  
  164  13:20  Marauder  
  164  13:22  SCV, Marine x3  
  164  13:24  Hellion  
  164  13:25  SCV  
  150  13:30  SCV, Factory Tech Lab  
  150  13:33  Marauder x2  
  150  13:34  SCV  
  140  13:36  Thor  
  140  13:39  Marine  
  140  13:40  Marine x2  
  140  13:41  Terran Vehicle And Ship Armor Level 1  
  149  13:43  Marine  
  149  13:45  Hellion  
  154  13:48  Hellion  
  154  13:49  Planetary Fortress  
  154  13:54  Marine, Marauder  
  157  13:55  Missile Turret  
  157  13:57  Marine  
  157  13:59  Hellion, Missile Turret  
  160  14:02  Marine  
  160  14:03  Raven  
  160  14:06  Siege Tank  
  160  14:07  Medivac  
  160  14:08  Marine  
  171  14:10  Hellion  
  171  14:13  Terran Infantry Weapons Level 3  
  171  14:16  SCV  
  171  14:22  Siege Tank  
  171  14:23  Hellion  
  176  14:30  Viking  
  180  14:31  Hellion  
  180  14:32  Command Center  
  180  14:38  Thor  
  180  14:41  Terran Vehicle Weapons Level 2  
  180  14:44  Viking  
  188  14:46  Viking  
  188  14:50  Marine  
  188  14:51  Marine  
  188  14:52  Marine  
  193  14:53  Marine x2  
  195  15:00  Viking  
  197  15:09  Marine  
  197  15:10  Hellion  
  197  15:11  Cyclone, Hellion  
  197  15:14  Viking  
  200  15:16  Viking  
  200  15:18  Marine x2  
  196  15:22  Hellion  
  198  15:28  Ghost Academy  
  198  15:30  Viking  
  200  15:37  Refinery  
  200  15:40  Refinery  
  200  15:47  Planetary Fortress, Missile Turret  
  200  15:55  Command Center, Refinery  
  200  15:57  Missile Turret  
  200  16:00  Missile Turret  
  200  16:03  Missile Turret  
  200  16:25  Missile Turret  
  199  17:13  Refinery  
  199  17:16  Missile Turret  
  199  17:21  Missile Turret  
  199  17:22  Command Center  
  199  17:25  Missile Turret  
Tags
 
Composition
MMM Bio
Matchup
PvT
Replay Pack
First 100 games
Spawn Locations
Cross Positions
Add a new tag
Caveats
  • Supply blocks, unpowered buildings, or Contaminate may cause inaccurate times.
  • Supply counts are checked every 10 seconds.